 Dungeon Crawl Stone Soup version 0.19.1 (webtiles) character file.

207 Lilleppy the Covered (level 5, -2/33 HPs)
             Began as a Gargoyle Fighter on Dec 8, 2016.
             Slain by a gnoll
             ... wielding a +0 spear
              (6 damage)
             ... on level 3 of the Dungeon.
             The game lasted 00:07:58 (2472 turns).

Lilleppy the Covered (Gargoyle Fighter)             Turns: 2472, Time: 00:07:59

Health: -2/33      AC: 16    Str: 20    XL:     5   Next: 85%
Magic:  5/5        EV:  5    Int:  9    God:
Gold:   153        SH:  9    Dex:  9    Spells: 0 memorised, 4 levels left

rFire  . . .     SeeInvis .     a - +0 flail
rCold  + . .     Gourm    .     b - +2 chain mail {rC+}
rNeg   + . .     Faith    .     c - +0 shield
rPois  ∞         Spirit   .     (no helmet)
rElec  +         Reflect  .     o - +0 cloak
rCorr  .         Harm     +     (no gloves)
MR     .....                    (no boots)
Stlth  ..........               r - amulet of harm
                                (no ring)
                                q - ring of wizardry

@: no status effects
A: negative energy resistance 1, electricity resistance, unbreathing,
petrification resistance, rot immunity, AC +4
a: no special abilities


You were on level 3 of the Dungeon.
You were very hungry.

You visited 1 branch of the dungeon, and saw 3 of its levels.

You collected 153 gold pieces.

Inventory:

Hand Weapons
 a - a +0 flail (weapon)
Missiles
 l - a throwing net (quivered)
Armour
 b - a +2 chain mail of cold resistance (worn)
 c - a +0 shield (worn)
 o - a +0 cloak (worn)
Jewellery
 q - a ring of wizardry (left hand)
 r - an amulet of harm (around neck)
Wands
 s - a wand of lightning (0/15)
Scrolls
 e - 2 scrolls of remove curse {unknown}
 h - 4 scrolls of blinking {unknown}
 k - a scroll of recharging {unknown}
 m - 2 scrolls of identify {unknown}
 u - 2 scrolls of noise {unknown}
 w - 2 scrolls of fear {unknown}
 x - a scroll of immolation {unknown}
Potions
 d - a potion of might
 f - a potion of flight {unknown}
 i - a potion of degeneration {unknown}
 n - a potion of haste {unknown}
 p - a potion of cancellation {unknown}
 t - a potion of magic {unknown}
 v - 2 potions of lignification {unknown}
Books
 y - a book of Maledictions

   Spells                             Type                      Level
   a - Corona                         Hexes                        1
   b - Ensorcelled Hibernation        Hexes/Ice                    2
   c - Confuse                        Hexes                        3
   d - Tukima's Dance                 Hexes                        3
   e - Dazzling Spray                 Conjuration/Hexes            3
Comestibles
 g - a slice of pizza
 j - 2 royal jellies
 z - a meat ration


   Skills:
 + Level 4.1 Fighting
 + Level 3.5 Maces & Flails
 + Level 4.4 Armour
 + Level 1.1 Dodging
 + Level 4.2 Shields


You had 4 spell levels left.
You didn't know any spells.

Dungeon Overview and Level Annotations

Branches:
Dungeon (3/15)

Altars:


Innate Abilities, Weirdness & Mutations

You are resistant to torment.
Your stone body is resilient. (AC +4)
You are immune to poison.
You resist negative energy. (rN+)
You are resistant to electric shocks. (rElec)
You can survive without breathing.
You are immune to petrification.
You are immune to rotting.


Message History

Evoking this partially-identified wand wasted a few charges.
You hear an angry hiss.
The gnoll hits you from afar with a spear.
* * * LOW HITPOINT WARNING * * *
You block the orc's attack.
Zapping:
s - a wand of lightning {zapped: 9} (will waste charges)
Press: ? - help, Shift-Dir - straight line, f - gnoll
Aim: a gnoll, wielding a spear Nothing appears to happen.
The gnoll hits you but does no damage. The orc barely misses you.
You sock the orc!
You kill the orc!
You block the gnoll's attack. x2
The gnoll barely misses you.
Things that are here:
a flail; a whip You hit the gnoll.
The gnoll is heavily wounded.
The gnoll hits you with a spear.
You die...

.........# #...........##.#
.........# #............#.#
.........# #..........#.#.#
.........# #..........#.#.#
.........# #..........#...#
.........# #..........##..#
...### #..........##..# ...#
#...g......###.# ...########
#...@......###.##.#
..........####.............##.# #
..........##...........###.##.# #
#.....()..##...........# #.##.# #
#.........##...........###.##.###
#.........##...........##.>...##.
#.........##^..........##.###.##.
#.........####'##########.....##.
#.........# #.# ##..#.....


You could see a gnoll.

Vanquished Creatures
  An orc wizard (D:3)
  Terence (D:2)
  Ijyb (D:2)
  4 adders
  2 gnolls (D:3)
  An ooze (D:2)
  A dart slug (D:2)
  3 leopard geckos
  7 orcs (D:3)
  A ball python (D:3)
  5 goblins
  8 hobgoblins
  3 quokkas
  14 bats
  5 frilled lizards
  6 kobolds
  5 rats
68 creatures vanquished.

Notes
Turn   | Place    | Note
-------+----------+-------------------------------------------
     0 | D:1      | Lilleppy the Gargoyle Fighter began the quest for the Orb.
     0 | D:1      | Reached XP level 1. HP: 14/14 MP: 1/1
   160 | D:1      | Reached XP level 2. HP: 18/19 MP: 2/2
   704 | D:2      | Reached XP level 3. HP: 23/23 MP: 3/3
   743 | D:2      | Noticed Terence
   787 | D:2      | Killed Terence
   787 | D:2      | Reached XP level 4. HP: 9/28 MP: 4/4
  1217 | D:2      | Noticed Ijyb
  1230 | D:2      | Killed Ijyb
  1629 | D:3      | Reached skill level 1 in Dodging
  1674 | D:3      | Reached XP level 5. HP: 23/33 MP: 5/5
  2472 | D:3      | Slain by a gnoll

Skill      XL: |  1  2  3  4  5 |
---------------+----------------+-----
Maces & Flails | 3 |  3.5
Armour         | 4 |  4.4
Dodging        | 1 |  1.1
Shields        | 4 |  4.2
Fighting       | 4 |  4.1

Action                   |  1- 3 |  4- 6 || total
-------------------------+-------+-------++-------
Melee: Flail             |   127 |   203 ||   330
Evoke: Wand              |       |     1 ||     1
  Eat: Bread ration      |       |     1 ||     1
Armor: Scale mail        |   112 |       ||   112
       Chain mail        |       |   202 ||   202
Dodge: Dodged            |    35 |    86 ||   121
Block: Shield            |    74 |   161 ||   235
